Cogmind - Beta 16.1 @@@ ROGUE MODE // 2026.03.25 @ 13:25:04 Player: QR-TZ Result: Self-destructed Performance ------------- Evolutions (6) 3000 Regions Visited (18) 3600 Robots Destroyed (181) 905 Value Destroyed (6431) 6431 Prototype IDs (27) 540 Alien Tech Used (0) 0 Bonus (5593) 5593 TOTAL SCORE: 20069 Bonus ------- High Alert Combat Kills 427 Follower Combat Kills 2274 Registered with UFD 300 Met Optimus in HQ 500 Met Warlord at Base 500 MAIN.C Attacked Warlord 500 Built Enhanced Grunts 300 A7 Reached Mainframe 300 Met R17 at Cetus 500 Friendly Fire -8 Cogmind --------- Core Integrity 852/1150 Matter 48/300 Energy 200/200 System Corruption 10% Temperature Cool (0) Movement Hovering (112) Ox1 Location -4/Factory Parts ------- > --- POWER (2) -------- Micro Fission Core Micro Fission Core > --- PROPULSION (5) --- Improved Antigrav System Improved Antigrav System Improved Antigrav System > --- UTILITY (8) ------ Experimental Heat Sink Large Storage Unit Improved Signal Interpreter Core Analyzer Graphene Brace Improved Hacking Suite Improved System Shield > --- WEAPON (4) ------- Wave Gun Phase Gun Hypervelocity Coil Gun Phasing Sabre > --- INVENTORY (15) --- Centrium Wheel Antigrav System Antigrav System Antigrav System Improved Target Analyzer Makeshift Ablative Armor Makeshift Ablative Armor Improved Shield Generator Hacking Suite Long-range Tractor Beam Vortex Cannon (24) Vortex Cannon (18) Light Antimatter Cannon Long-range Missile Launcher Peak State ------------ > --- POWER ------------ Micro Fission Core Micro Fission Core > --- PROPULSION ------- Antigrav System Improved Antigrav System Improved Antigrav System Improved Antigrav System Improved Antigrav System > --- UTILITY ---------- Experimental Heat Sink Large Storage Unit Experimental Sensor Array Improved Signal Interpreter Core Analyzer Graphene Brace Improved Hacking Suite Improved System Shield > --- WEAPON ----------- Phase Gun KE Penetrator Light Antimatter Cannon Phasing Sabre > --- INVENTORY -------- Micro Fission Core Centrium Wheel Antigrav System Antigrav System Antigrav System Improved Target Analyzer Makeshift Ablative Armor Makeshift Ablative Armor Improved Shield Generator Long-range Tractor Beam Wave Gun Vortex Cannon Vortex Cannon Hypervelocity Coil Gun Long-range Missile Launcher [Rating: 123] Favorites ----------- Power Fission Core Engine Deuterium Engine Power Core Fission Core Reactor Cold Fusion Reactor Propulsion Flexi-carbon Leg Treads Light Treads Leg Flexi-carbon Leg Wheel Centrium Wheel Hover Unit Antigrav System Flight Unit Improved VTOL Module Utility Large Storage Unit Device Structural Scanner Storage Large Storage Unit Processor Improved Signal Interpreter Hackware Improved System Shield Protection Centrium Medium Armor Plating Weapon KE Penetrator Energy Gun Spread Laser Energy Cannon Heavy Plasma Cannon Ballistic Gun KE Penetrator Ballistic Cannon Advanced Assault Cannon Launcher Long-range Missile Launcher Impact Weapon Powered Hammer Slashing Weapon Phasing Sabre Build | -11 -10 -10 -9 -8 -8 -8 -8 -6 -6 -6 -6 -6 -5 -5 -5 -5 -4 -4 ------- Run | Yrd Mat Min Mat Mat Sto Rec Scr Fac Ext Cet Arc Hub Fac Upp Upp War Pro Fac Slots Evolved 12 | . . . 2 2 . . . 4 . . . . 2 . . . . 2 Power 1 | . . . . . . . . 1 . . . . . . . . . . Propulsion 3 | . . . 1 1 . . . 1 . . . . . . . . . . Utility 6 | . . . 1 1 . . . 1 . . . . 2 . . . . 1 Weapon 2 | . . . . . . . . 1 . . . . . . . . . 1 Parts Attached 172 | 6 8 7 14 26 10 1 1 14 15 6 5 2 20 1 . 3 . 33 Power 25 | 1 2 1 2 1 . . 1 1 4 1 2 . 2 . . . . 7 Engine 10 | 1 2 1 2 1 . . . . 2 . . . . . . . . 1 Core 10 | . . . . . . . 1 1 2 . 1 . . . . . . 5 Reactor 5 | . . . . . . . . . . 1 1 . 2 . . . . 1 Propulsion 51 | 2 . 2 6 9 5 . . 4 4 1 . 1 5 . . 1 . 11 Treads 2 | 2 . . . . . . . . . . . . . . . . . . Leg 37 | . . 2 6 9 2 . . 4 4 1 . 1 5 . . 1 . 2 Wheel 1 | . . . . . . . . . . . . . . . . . . 1 Hover 10 | . . . . . 2 . . . . . . . . . . . . 8 Flight 1 | . . . . . 1 . . . . . . . . . . . . . Utility 43 | 1 1 2 3 7 . 1 . 6 1 4 3 1 6 1 . . . 6 Device 19 | . . 2 2 2 . 1 . 3 1 1 . 1 4 . . . . 2 Storage 3 | 1 1 . . . . . . . . . 1 . . . . . . . Processor 3 | . . . . . . . . 1 . . . . 1 . . . . 1 Hackware 6 | . . . . 1 . . . 1 . 1 1 . 1 . . . . 1 Protection 12 | . . . 1 4 . . . 1 . 2 1 . . 1 . . . 2 Artifact . | . . . . . . . . . . . . . . . . . . . Weapon 53 | 2 5 2 3 9 5 . . 3 6 . . . 7 . . 2 . 9 Energy Gun 17 | 2 4 2 1 3 2 . . . . . . . . . . 1 . 2 Energy Cannon 5 | . . . . . 1 . . 1 1 . . . . . . 1 . 1 Ballistic Gun 16 | . . . 2 2 1 . . . . . . . 6 . . . . 5 Ballistic Cannon 7 | . . . . 1 . . . 1 3 . . . 1 . . . . 1 Launcher 3 | . . . . 1 1 . . . 1 . . . . . . . . . Special Weapon . | . . . . . . . . . . . . . . . . . . . Impact Weapon 2 | . . . . 1 . . . 1 . . . . . . . . . . Slashing Weapon 3 | . 1 . . 1 . . . . 1 . . . . . . . . . Piercing Weapon . | . . . . . . . . . . . . . . . . . . . Special Melee Weapon . | . . . . . . . . . . . . . . . . . . . Unidentified Prototypes 21 | . . 1 1 3 5 . . 1 . 2 1 2 2 . . 2 . 1 Corrupted Parts 2 | . . . . . . . . . . . . . 1 . . 1 . . System Corruption 6 | . . . . . . . . . . . . . 4 . . 2 . . Parts Lost 49 | . 1 2 . 7 . . . 1 . 2 . . 13 2 . 2 . 19 Power 6 | . 1 . . . . . . 1 . . . . 1 . . . . 3 Propulsion 20 | . . 2 . 3 . . . . . . . . 7 . . 2 . 6 Utility 12 | . . . . 2 . . . . . 2 . . 2 2 . . . 4 Weapon 11 | . . . . 2 . . . . . . . . 3 . . . . 6 Highest Loss Streak 6 | . 1 1 . 4 . . . 1 . 2 . . 6 1 . 2 . 4 To Critical Strikes 2 | . . . . . . . . 1 . . . . 1 . . . . . Average Backups 13 | 2 7 12 14 13 14 15 15 14 15 14 14 15 12 15 13 14 15 13 Power 1 | . 1 1 1 1 . 1 1 . . 1 2 2 1 1 1 1 1 1 Propulsion 2 | . 1 3 3 3 4 4 3 3 3 3 2 2 1 . . . . . Utility 5 | . 2 3 5 4 4 6 7 7 8 7 7 8 7 6 5 5 7 5 Weapon 4 | . 2 4 4 5 5 3 3 3 3 3 3 3 3 7 7 7 7 4 Tool/Special . | . . . . . . . . . . . . . . . . . . . Unused Backups 40 | 1 6 3 5 2 4 . . 4 3 3 1 1 1 . . 2 . 4 Power 7 | . . . 2 1 . . . . 1 2 . . 1 . . . . . Propulsion 8 | 1 1 2 . 1 2 . . . 1 . . . . . . . . . Utility 11 | . 1 1 2 . . . . 2 1 . 1 1 . . . . . 2 Weapon 11 | . 4 . . . 2 . . 2 . 1 . . . . . 2 . . Tool/Special 3 | . . . 1 . . . . . . . . . . . . . . 2 Average Slot Usage (%) 94 | . 91 89 99 98 99 100 100 99 100 98 100 100 97 93 87 88 82 79 Engine 4 | . 13 14 11 9 8 9 1 5 . . . . . . . . . 1 Core 3 | . . . . . . . 7 6 11 12 6 6 . . . . . 2 Reactor 2 | . . . . . . . . . . . 6 6 10 11 11 11 11 4 Treads 2 | . 28 12 . . . . . . . . . . . . . . . . Leg 25 | . . 5 33 35 35 36 36 32 33 33 33 33 27 23 23 23 17 6 Device 9 | . . 13 17 10 4 9 9 10 9 4 . . 9 10 11 11 11 10 Storage 8 | . 20 14 11 9 9 9 9 6 6 6 6 6 5 5 5 5 5 5 Processor 2 | . . . . . . . . 1 . . . . 5 5 5 5 5 8 Hackware 7 | . . . . 7 9 9 9 10 13 10 13 13 14 10 5 5 5 6 Protection 5 | . . . 3 8 13 9 9 2 2 9 12 12 3 5 5 5 5 5 Energy Gun 4 | . 27 28 18 . 11 . . . . . . . . . . . . 1 Ballistic Gun 8 | . . . 3 12 3 18 18 13 1 . . . 5 12 10 10 11 12 Ballistic Cannon 3 | . . . . 2 . . . 2 14 20 15 17 7 . . . . . Slashing Weapon 1 | . . . . . . . . . 1 . 3 1 2 3 5 5 5 3 Peak Build Rating 123 | 6 10 18 23 38 39 38 38 59 72 87 92 93 107 94 88 94 82 123 Average Rating 57 | 5 8 10 18 30 36 35 37 54 68 78 90 91 93 93 87 88 82 91 On Entrance 53 | . 6 10 12 23 36 36 35 38 58 72 87 92 93 94 74 88 82 82 Avg Prop Armor Cover (%) 6 | . 24 . . . 18 . . . . . . . . . . . . 5 Naked Turns . | . . . . . . . . . . . . . . . . . . . Heaviest Build 97 | 12 36 36 37 50 48 44 41 65 76 83 87 87 84 76 75 79 75 97 Greatest Support 108 | 40 40 40 33 68 68 64 64 87 97 95 95 103 108 80 80 95 55 59 Greatest Overweight (x) 5 | . 5 1 1 1 4 . . . . . . . 2 . . 1 1 5 Average Overweight (x) . | . . . . . . . . . . . . . . . . . 1 2 Largest Inventory Capacity 15 | 8 15 15 15 15 15 15 15 15 15 15 15 15 15 15 15 15 15 15 Average Capacity 14 | 7 11 15 15 15 15 15 15 15 15 15 15 15 15 15 15 15 15 15 Most Carried 15 | 3 10 15 15 15 15 15 15 15 15 15 15 15 15 15 14 15 15 15 Average Carried 13 | 2 7 12 14 13 14 14 14 14 15 14 14 14 12 14 13 14 15 13 Final Capacity 15 | 8 15 15 15 15 15 15 15 15 15 15 15 15 15 15 15 15 15 15 Final Carried 15 | 3 10 14 15 14 15 15 15 15 15 15 15 15 15 15 13 15 15 14 Class Distribution -------------------- 22% | Commander-Mutant 17% | Mutant 12% | Scavenger-Assassin 11% | Scavenger-Mutant 10% | Commander-Tank 7% | Scavenger-Skirmisher 3% | Hacker-Mutant 3% | Hacker-Assassin Dominant Class ---------------- Mutant | -10/Materials Mutant | -10/Mines Scavenger-Mutant | -9/Materials Scavenger-Mutant | -8/Materials Commander-Mutant | -8/Storage Commander-Mutant | -8/Recycling Commander-Mutant | -8/Scraptown Scientist-Mutant | -6/Factory Commander-Tank | -6/Extension Commander-Tank | -6/Cetus Commander-Mutant | -6/Archives Commander-Tank | -6/Hub_04(d) Hacker-Assassin | -5/Factory Scavenger-Assassin | -5/Upper Caves Scavenger-Assassin | -5/Upper Caves Scavenger-Assassin | -5/Warlord Scavenger-Assassin | -4/Proximity Caves Scavenger-Skirmisher | -4/Factory Resources | -11 -10 -10 -9 -8 -8 -8 -8 -6 -6 -6 -6 -6 -5 -5 -5 -5 -4 -4 ----------- Run | Yrd Mat Min Mat Mat Sto Rec Scr Fac Ext Cet Arc Hub Fac Upp Upp War Pro Fac Matter Collected 6678 | 260 48 120 116 1193 208 160 10 551 850 324 141 186 1179 104 40 87 18 1083 Remotely 755 | . . . . . . . . 136 69 . . . 433 . . . . 117 Salvage Created 7977 | 71 510 163 793 1333 129 290 . 384 805 140 238 212 1540 . . . . 1369 Parts 410 | 1 31 13 61 72 3 15 . 17 33 8 15 4 72 . . . . 65 Haulers Intercepted 9 | . 1 . 2 4 . . . . . . . 2 . . . . . . Recyclers Shooed 7 | . 1 . . 1 1 . . . . . . . 1 . . . . 3 Parts Field Recycled . | . . . . . . . . . . . . . . . . . . . Retrieved Matter . | . . . . . . . . . . . . . . . . . . . Parts Self-Destructed . | . . . . . . . . . . . . . . . . . . . Prevented . | . . . . . . . . . . . . . . . . . . . Parts Restored . | . . . . . . . . . . . . . . . . . . . Kills | -11 -10 -10 -9 -8 -8 -8 -8 -6 -6 -6 -6 -6 -5 -5 -5 -5 -4 -4 ------- Run | Yrd Mat Min Mat Mat Sto Rec Scr Fac Ext Cet Arc Hub Fac Upp Upp War Pro Fac Combat Hostiles Destroyed 123 | . 13 7 16 26 . 5 . 7 10 1 2 . 16 . . . . 20 Melee 7 | . . . . 1 . . . . 1 . . . . . . . . 5 Guns 82 | . 12 7 16 14 . 5 . 5 1 . . . 11 . . . . 11 Cannons 23 | . . . . 3 . . . 2 7 1 2 . 4 . . . . 4 AOE 10 | . 1 . . 8 . . . . . . . . 1 . . . . . Classes Destroyed 14 | 2 4 1 2 1 . . . 1 1 1 . . 1 . . . . . Worker 10 | . . 1 . 1 . . . . . . . 1 5 . . . . 2 Builder 1 | . . . . . . . . . . . . . 1 . . . . . Tunneler 2 | 1 . . . . . 1 . . . . . . . . . . . . Hauler 9 | . 1 . 2 4 . . . . . . . 2 . . . . . . Recycler 17 | 1 1 . 1 4 2 . . 1 2 . . . 3 . . . . 2 Operator 8 | . . . 2 . 1 . . 1 . . 4 . . . . . . . Watcher 10 | . 1 . 1 2 . . . . 1 1 . 1 3 . . . . . Swarmer 25 | . 3 3 3 11 . . . 2 . . . . . . . . . 3 Grunt 43 | . 10 4 9 7 . 2 . . 1 . . . 8 . . . . 2 Sentry 29 | . . . 4 6 . 3 . 2 8 . 2 . 3 . . . . 1 Hunter 6 | . . . . 2 . . . . . . . . 2 . . . . 2 Programmer 18 | . . . . . . . . 3 . . . . 3 . . . . 12 Cetus Guard 1 | . . . . . . . . . . 1 . . . . . . . . Savage 1 | . . . . . . . . . 1 . . . . . . . . . Butcher 1 | . . . . . . . . . . 1 . . . . . . . . Best Kill Streak 14 | 1 4 3 4 14 2 3 . 2 2 1 2 2 14 . . . . 3 Combat Bots Only 10 | . 4 3 4 10 . 2 . 2 2 1 2 . 9 . . . . 3 Max Kills in Single Turn 6 | 1 2 1 1 6 1 2 . 2 1 1 1 1 2 . . . . 2 Gunslinging 1 | . 1 . . 1 . . . . . . . . . . . . . 1 Exploded 6 | . 1 . . 6 . . . . . . . . 1 . . . . . Melee 1 | . . . . 1 . . . . 1 . . . . . . . . 1 Uniques/NPCs Destroyed . | . . . . . . . . . . . . . . . . . . . Combat | -11 -10 -10 -9 -8 -8 -8 -8 -6 -6 -6 -6 -6 -5 -5 -5 -5 -4 -4 -------- Run | Yrd Mat Min Mat Mat Sto Rec Scr Fac Ext Cet Arc Hub Fac Upp Upp War Pro Fac Hostile Shots Fired 1102 | . 27 31 55 133 8 25 . 87 161 10 15 9 251 48 . 32 . 210 Missed 358 | . 6 8 20 34 3 10 . 29 52 2 2 5 77 18 . 11 . 81 Hits 744 | . 21 23 35 99 5 15 . 58 109 8 13 4 174 30 . 21 . 129 Melee 1 | . . . . . . . . . . . . . . 1 . . . . Projectile 743 | . 21 23 35 99 5 15 . 58 109 8 13 4 174 29 . 21 . 129 Critical Strikes 30 | . . . 2 5 . . . 3 . . . 1 8 2 . 1 . 8 Actively Blocked 8 | . . . . . . . . . . . . . . . . . . 8 Part Disruptions 3 | . 2 . . . . . . . . . . . 1 . . . . . Damage Taken 11401 | . 405 279 441 1522 78 216 . 635 545 133 312 147 3249 552 . 457 . 2430 Core 1228 | . 69 38 64 177 13 30 . 85 61 13 20 . 297 33 . 30 . 298 Absorbed by Shields 693 | . . . . 28 . 8 . 75 437 79 . . . . . . . 66 Regen/Repaired (Parts) 600 | . . . . 43 26 . 270 . . . . . . . . 261 . . Core Remaining (%) 73 | 100 . 57 84 . . . 60 . . . . 78 . . . . 64 . Volleys Fired 417 | 9 25 16 51 105 6 15 . 25 29 11 4 8 51 . . . 7 55 Largest 4 | 2 2 2 2 2 2 2 . 3 3 3 3 3 3 . . . 2 4 Hottest 255 | 100 130 130 130 62 110 53 . 138 182 132 132 132 136 . . . 66 255 Shots Fired 976 | 18 49 32 96 203 12 30 . 70 85 29 12 22 146 . 1 . 14 157 Gun 745 | 18 49 32 96 174 12 30 . 49 13 . . . 111 . 1 . 14 146 Cannon 224 | . . . . 26 . . . 21 71 29 12 22 32 . . . . 11 Launcher 7 | . . . . 3 . . . . 1 . . . 3 . . . . . Special . | . . . . . . . . . . . . . . . . . . . Kinetic 739 | . . . . 200 4 30 . 65 81 29 12 22 143 . 1 . 14 138 Thermal 215 | 18 49 32 96 . . . . 5 3 . . . . . . . . 12 Explosive 7 | . . . . 3 . . . . 1 . . . 3 . . . . . Electromagnetic 8 | . . . . . 8 . . . . . . . . . . . . . Entropic 7 | . . . . . . . . . . . . . . . . . . 7 Robot Hit Streak 15 | 4 13 8 14 10 3 7 . 10 9 2 6 15 13 . . . 1 10 Robot Miss Streak 8 | 2 5 8 6 3 1 2 . 3 7 3 1 3 4 . 1 . 3 5 Penetration Max 1 | . . . . . . 1 . 1 1 1 . . 1 . . . . 1 Secondary Targets 12 | . 1 3 . 1 . 1 . . . . . . 3 . . . . 3 Max Gunslinging Chain 1 | . 1 1 . 1 . 1 . . . . . . 1 . . . . 1 Shots Hit Robots 636 | 8 42 30 72 132 9 22 . 35 52 11 13 15 88 . . . 1 106 Core Hits 381 | 3 57 38 67 56 2 8 . 14 22 5 7 6 59 . . . . 37 Critical Kills 17 | . . . . 1 1 . . . 5 2 . 1 4 . . . . 3 Critical Parts Destroyed 24 | . . . . 1 . . . 1 4 1 . 2 4 . . . . 11 Critical Strikes 53 | 1 . . . 2 2 . . 1 10 7 . 3 11 . . . . 16 Burn 1 | 1 . . . . . . . . . . . . . . . . . . Destroy 42 | . . . . 2 . . . 1 8 5 . 3 9 . . . . 14 Blast 4 | . . . . . . . . . 1 2 . . 1 . . . . . Corrupt 1 | . . . . . 1 . . . . . . . . . . . . . Smash 2 | . . . . . 1 . . . 1 . . . . . . . . . Sever 3 | . . . . . . . . . . . . . 1 . . . . 2 Melee Attacks 99 | . 1 . . 9 8 . . 5 6 . 6 . 20 1 . 1 4 38 Impact 20 | . . . . 2 8 . . 5 5 . . . . . . . . . Slashing 79 | . 1 . . 7 . . . . 1 . 6 . 20 1 . 1 4 38 Piercing . | . . . . . . . . . . . . . . . . . . . Sneak Attacks 22 | . . . . 3 2 . . . 1 . 5 . 4 . . . . 7 Combat Hostiles . | . . . . . . . . . . . . . . . . . . . Follow-up Attacks . | . . . . . . . . . . . . . . . . . . . Damage Inflicted 16777 | 114 583 327 938 2856 308 486 . 978 1652 371 787 530 3528 . . . 20 3299 Guns 8820 | 114 561 327 935 1790 102 486 . 554 187 . . . 1901 . . . 20 1843 Cannons 4085 | . . . . 403 . . . 424 1294 371 208 412 546 . . . . 427 Explosions 1192 | . 16 . . 522 . . . . . . . . 654 . . . . . Melee 2503 | . . . . 126 198 . . . 155 . 579 . 424 . . . . 1021 Ramming 177 | . 6 . 3 15 8 . . . 16 . . 118 3 . . . . 8 Kinetic 10245 | . . . . 2193 . 486 . 838 1415 371 208 412 2447 . . . 20 1855 Thermal 2284 | 114 577 327 935 . . . . 140 66 . . . . . . . . 125 Explosive 994 | . . . . 522 . . . . . . . . 472 . . . . . Electromagnetic 284 | . . . . . 102 . . . . . . . 182 . . . . . Impact 353 | . . . . . 198 . . . 155 . . . . . . . . . Slashing 2150 | . . . . 126 . . . . . . 579 . 424 . . . . 1021 Piercing . | . . . . . . . . . . . . . . . . . . . Entropic 290 | . . . . . . . . . . . . . . . . . . 290 Highest Corruption 10 | . . . . . . . . 2 2 2 2 2 5 5 5 5 2 10 Average Corruption 3 | . . . . . . . . 1 2 2 2 2 4 5 5 4 2 5 Corruption Purged . | . . . . . . . . . . . . . . . . . . . Corruption Blocked . | . . . . . . . . . . . . . . . . . . . Effects 145 | . . . . . . . . 6 18 10 6 5 17 12 11 3 3 54 Message Errors 31 | . . . . . . . . 1 1 6 1 4 1 3 4 . 1 9 Matter Fused 41 | . . . . . . . . 1 7 2 2 . 5 4 3 2 . 15 Heat Flow Errors 17 | . . . . . . . . 1 4 1 . . 2 1 . . . 8 Energy Discharges 22 | . . . . . . . . 2 3 1 2 1 4 2 1 . . 6 Parts Fused 2 | . . . . . . . . 1 . . 1 . . . . . . . Data Loss (minor) 17 | . . . . . . . . . 2 . . . 2 2 1 1 2 7 Data Loss (major) 3 | . . . . . . . . . . . . . 1 . . . . 2 Misfires 7 | . . . . . . . . . 1 . . . 2 . 1 . . 3 Alerts 1 | . . . . . . . . . . . . . . . 1 . . . Misdirections 1 | . . . . . . . . . . . . . . . . . . 1 Weapon Failures 3 | . . . . . . . . . . . . . . . . . . 3 Overload Shots . | . . . . . . . . . . . . . . . . . . . Overflow Damage 732 | . . . . 60 78 . . 31 36 . 248 7 58 . . . . 214 Projectiles 61 | . . . . 30 . . . 31 . . . . . . . . . . Explosions 44 | . . . . 30 . . . . . . . . 14 . . . . . Melee 627 | . . . . . 78 . . . 36 . 248 7 44 . . . . 214 Knockbacks 20 | . . . . 5 1 . . 2 7 . . 1 2 . . . . 2 Impact 2 | . . . . . 1 . . . . . . 1 . . . . . . Kinetic 17 | . . . . 5 . . . 2 6 . . . 2 . . . . 2 Secondary 1 | . . . . . . . . . 1 . . . . . . . . . Self-Inflicted Damage 231 | . 138 . . 64 . . . . . . . . 29 . . . . . Shots 7 | . 4 . . 2 . . . . . . . . 1 . . . . . Rammed 1 | . 1 . . . . . . . . . . . . . . . . . Targets Rammed 18 | . 2 . 1 3 2 2 . . 1 . . 5 1 . . . . 1 Kicked 16 | . . . 1 3 2 2 . . 1 . . 5 1 . . . . 1 Crushed 1 | . 1 . . . . . . . . . . . . . . . . . Highest Temperature 418 | 195 312 234 108 117 108 21 . 383 418 326 329 172 361 183 . 38 . 379 Average Temperature 101 | 77 108 39 28 40 38 9 . 138 136 132 165 72 89 80 . 24 . 91 Received Heat Transfer 2242 | . 135 96 147 402 27 78 . 35 143 . 45 18 804 162 . 75 . 75 Effects 18 | . . 2 . . . . . 3 6 1 3 . 3 . . . . . Shutdowns 3 | . . . . . . . . 1 1 . . . 1 . . . . . Energy Bleed 5 | . . . . . . . . 1 2 . . . 2 . . . . . Interference 10 | . . 2 . . . . . 1 3 1 3 . . . . . . . Siege Activations . | . . . . . . . . . . . . . . . . . . . Martial Activations . | . . . . . . . . . . . . . . . . . . . Shielding Activations . | . . . . . . . . . . . . . . . . . . . Robots Disrupted 1 | . . . . . . . . . . . . . 1 . . . . . Combat Hostiles . | . . . . . . . . . . . . . . . . . . . Robots Corrupted 3 | . . . . . 1 . . . 1 . . 1 . . . . . . Combat Hostiles 1 | . . . . . . . . . 1 . . . . . . . . . Parts Fried 6 | . . . . . 2 . . . 1 . . 3 . . . . . . Impact Corruptions 5 | . . . . . 3 . . . 1 . . 1 . . . . . . Robots Melted . | . . . . . . . . . . . . . . . . . . . Combat Hostiles . | . . . . . . . . . . . . . . . . . . . Parts Melted 3 | . 1 . 1 . . . . . 1 . . . . . . . . . Heat Transferred 3927 | 407 908 415 1801 . . . . 148 100 . . . . . . . . 148 Parts Sabotaged . | . . . . . . . . . . . . . . . . . . . Parts Stolen . | . . . . . . . . . . . . . . . . . . . Parts Stripped . | . . . . . . . . . . . . . . . . . . . Power Chain Reactions 1 | . 1 . . . . . . . . . . . . . . . . . Alert | -11 -10 -10 -9 -8 -8 -8 -8 -6 -6 -6 -6 -6 -5 -5 -5 -5 -4 -4 ------- Run | Yrd Mat Min Mat Mat Sto Rec Scr Fac Ext Cet Arc Hub Fac Upp Upp War Pro Fac Maximum Alert Level 3 | . . . . 1 . . . . 2 2 1 3 2 . . . . 3 Low Security (%) 49 | 100 100 100 100 6 100 100 . 100 29 . 78 21 17 . . . . . Level 1 34 | . . . . 93 . . . . 50 98 21 7 44 . . . . 56 Level 2 11 | . . . . . . . . . 19 . . 34 37 . . . . 25 Level 3 4 | . . . . . . . . . . . . 35 . . . . . 18 Level 4 . | . . . . . . . . . . . . . . . . . . . Level 5 . | . . . . . . . . . . . . . . . . . . . High Security . | . . . . . . . . . . . . . . . . . . . Max Security . | . . . . . . . . . . . . . . . . . . . Peak Influence 900 | 5 146 81 175 357 141 53 . 91 652 405 251 801 609 . . . . 900 Initial 900 | . . 19 7 31 126 31 . . 27 348 104 21 387 . . . . 900 Average 234 | . 60 21 88 270 98 10 . 16 291 298 153 492 376 . . . . 486 Influence Increases 8317 | 10 408 232 534 828 434 156 . 268 1310 376 217 1100 886 . . . . 1558 Destroy 0b10 Robot/C 3560 | . 260 180 320 520 180 100 . 140 560 160 80 340 320 . . . . 400 Destroy 0b10 Robot/NC 340 | 10 15 5 30 55 30 10 . 10 30 10 20 35 60 . . . . 20 Destroy Leader 710 | . 54 40 96 142 70 . . 50 34 . . 58 86 . . . . 80 Allied During Kill 1280 | . . 7 . . 107 2 . . 544 170 100 350 . . . . . . Successful Hack 168 | . . . 28 4 2 43 . . 41 8 . 8 34 . . . . . Select Force Hacks 30 | . . . 30 . . . . . . . . . . . . . . . Disable Machine 405 | . 45 . . 45 30 . . 30 15 15 15 . 210 . . . . . Anti-Garrison Action 200 | . . . . . . . . . . . . 200 . . . . . . Destroy Structure 334 | . 4 . . 32 . 1 . 23 56 13 2 19 116 . . . . 68 Advance Influence 900 | . . . . . . . . . . . . . . . . . . 900 Lose Combat Pursuer 390 | . 30 . 30 30 15 . . 15 30 . . 90 60 . . . . 90 Influence Decreases 7933 | 10 357 262 481 603 651 238 . 212 742 738 416 372 1072 467 138 . . 1174 Entered New Map 1474 | . . 32 14 43 173 51 . . 29 276 158 42 404 225 27 . . . Time Decay 4929 | 10 347 190 467 490 278 187 . 182 553 302 238 130 538 222 111 . . 684 Search Patrol Dispatched 300 | . . . . . . . . . . . . . . . . . . 300 Lost Part 470 | . 10 20 . 70 . . . 10 . 20 . . 130 20 . . . 190 Lost Ally 760 | . . 20 . . 200 . . 20 160 140 20 200 . . . . . . Squads Dispatched 35 | . 2 . 3 2 2 . . 3 . . . 7 4 . . . . 12 Investigation 6 | . 2 . 1 1 . . . . . . . 1 . . . . . 1 Extermination 9 | . . . . . . . . 2 . . . . 1 . . . . 6 Reinforcement 19 | . . . 2 1 1 . . 1 . . . 6 3 . . . . 5 Assault . | . . . . . . . . . . . . . . . . . . . Garrison 1 | . . . . . 1 . . . . . . . . . . . . . Intercept . | . . . . . . . . . . . . . . . . . . . Searches Triggered 3 | . . . . . . . . . . . . . . . . . . 3 Construction Impeded 4 | . . . . . . . . 1 . . . 1 1 . . . . 1 Haulers Reinforced 4 | . . . . . . . . . . . . 3 . . . . . 1 Active Scanning Responses . | . . . . . . . . . . . . . . . . . . . Cargo Convoy Interrupts . | . . . . . . . . . . . . . . . . . . . Stealth | -11 -10 -10 -9 -8 -8 -8 -8 -6 -6 -6 -6 -6 -5 -5 -5 -5 -4 -4 --------- Run | Yrd Mat Min Mat Mat Sto Rec Scr Fac Ext Cet Arc Hub Fac Upp Upp War Pro Fac Distress Signals 22 | . . . 2 4 2 . . . 3 2 . 1 2 . . . . 6 Communications Jammed . | . . . . . . . . . . . . . . . . . . . Distress Signals . | . . . . . . . . . . . . . . . . . . . Times Spotted 279 | . 17 10 22 42 15 5 . 11 30 9 7 16 31 7 . 13 6 38 Peak Tracking Total 13 | . 4 4 4 12 4 2 . 3 5 5 3 7 9 7 . 13 2 8 Tactical Retreats 19 | . 2 . 2 2 1 . . 1 2 . . 1 4 . . . . 4 Traps | -11 -10 -10 -9 -8 -8 -8 -8 -6 -6 -6 -6 -6 -5 -5 -5 -5 -4 -4 ------- Run | Yrd Mat Min Mat Mat Sto Rec Scr Fac Ext Cet Arc Hub Fac Upp Upp War Pro Fac Traps Triggered 11 | . 4 . 2 . . . . . 1 . . . . . . . . 4 Indirectly . | . . . . . . . . . . . . . . . . . . . Trap Hack Attempts . | . . . . . . . . . . . . . . . . . . . Triggered . | . . . . . . . . . . . . . . . . . . . Disarmed . | . . . . . . . . . . . . . . . . . . . Reprogrammed . | . . . . . . . . . . . . . . . . . . . Reused . | . . . . . . . . . . . . . . . . . . . Traps Extracted . | . . . . . . . . . . . . . . . . . . . Installed . | . . . . . . . . . . . . . . . . . . . Triggered . | . . . . . . . . . . . . . . . . . . . Most Traps Carried 2 | . . 2 2 . . . . . . . . . . . . . . . Machines | -11 -10 -10 -9 -8 -8 -8 -8 -6 -6 -6 -6 -6 -5 -5 -5 -5 -4 -4 ---------- Run | Yrd Mat Min Mat Mat Sto Rec Scr Fac Ext Cet Arc Hub Fac Upp Upp War Pro Fac Machines Disabled 29 | . 3 . . 3 2 . . 2 3 1 1 . 14 . . . . . Max in Single Turn 4 | . 2 . . 1 1 . . 1 . 1 . . 4 . . . . . Garrison Access 3 | . . . . 1 . . . . . . . 1 1 . . . . . Machines Repaired . | . . . . . . . . . . . . . . . . . . . Machines Dismantled . | . . . . . . . . . . . . . . . . . . . Machines Sabotaged . | . . . . . . . . . . . . . . . . . . . Overloaded Fab Kills . | . . . . . . . . . . . . . . . . . . . Hacking | -11 -10 -10 -9 -8 -8 -8 -8 -6 -6 -6 -6 -6 -5 -5 -5 -5 -4 -4 --------- Run | Yrd Mat Min Mat Mat Sto Rec Scr Fac Ext Cet Arc Hub Fac Upp Upp War Pro Fac Machines Accessed 69 | . 1 1 6 9 5 7 7 2 7 3 . 3 6 . . 9 . 3 Terminals 35 | . 1 1 3 5 4 5 . 1 7 3 . 2 3 . . . . . Fabricators 2 | . . . . . . . . . . . . . . . . . . 2 Repair Stations 5 | . . . 2 2 1 . . . . . . . . . . . . . Recycling Units 2 | . . . . . . . . . . . . . 1 . . . . 1 Scanalyzers 4 | . . . 1 1 . . . 1 . . . . 1 . . . . . Garrison Access 3 | . . . . 1 . . . . . . . 1 1 . . . . . Total Hacks 242 | . 2 1 20 21 8 43 54 16 24 8 . 11 15 . . 13 . 6 Successful 171 | . . 1 13 14 5 34 54 13 8 3 . 5 6 . . 13 . 2 Failed 70 | . 2 . 7 7 3 9 . 2 16 5 . 6 9 . . . . 4 Catastrophic 8 | . . . 1 1 . 1 . 1 1 1 . 1 1 . . . . . Database Lockouts 1 | . . . . . . . . 1 . . . . . . . . . . Manual 41 | . . . 5 9 3 8 1 2 4 2 . 3 2 . . 1 . 1 Terminals 99 | . 2 1 8 13 6 19 . 1 24 8 . 9 8 . . . . . Fabricators 4 | . . . . . . . . . . . . . . . . . . 4 Repair Stations 11 | . . . 5 4 2 . . . . . . . . . . . . . Recycling Units 5 | . . . . . . . . . . . . . 3 . . . . 2 Scanalyzers 28 | . . . 7 3 . . . 15 . . . . 3 . . . . . Garrison Access 4 | . . . . 1 . . . . . . . 2 1 . . . . . Terminal Hacks 127 | . . 1 5 4 2 32 54 . 7 3 . 4 2 . . 13 . . Record 90 | . . . . . . 26 49 . 1 2 . 1 . . . 11 . . Robot Analysis 6 | . . . 1 . . . 5 . . . . . . . . . . . Prototype ID Bank 1 | . . . . 1 . . . . . . . . . . . . . . Open Door 10 | . . . . . 2 . . . 5 1 . . . . . 2 . . Level Access Points 4 | . . . 1 1 . 1 . . . . . 1 . . . . . . Branch Access Points 5 | . . . 1 1 . 1 . . . . . 1 1 . . . . . Machine Index 1 | . . . . . . . . . . . . . 1 . . . . . Terminal Index 1 | . . . . . . 1 . . . . . . . . . . . . Scanalyzer Index 1 | . . . . . . 1 . . . . . . . . . . . . Locate Traps 1 | . . . 1 . . . . . . . . . . . . . . . Recall Reinforcements 1 | . . . . . . . . . . . . 1 . . . . . . Registered Prototypes 1 | . . . . 1 . . . . . . . . . . . . . . Zone Layout 5 | . . 1 1 . . 2 . . 1 . . . . . . . . . Fabricator Hacks 1 | . . . . . . . . . . . . . . . . . . 1 Network Status 1 | . . . . . . . . . . . . . . . . . . 1 Repair Station Hacks 8 | . . . 2 4 2 . . . . . . . . . . . . . Scan Component 5 | . . . 2 2 1 . . . . . . . . . . . . . Repair 3 | . . . . 2 1 . . . . . . . . . . . . . Recycling Unit Hacks 1 | . . . . . . . . . . . . . . . . . . 1 Retrieve Components 1 | . . . . . . . . . . . . . . . . . . 1 Scanalyzer 24 | . . . 5 3 . . . 13 . . . . 3 . . . . . Insert Component 6 | . . . 2 1 . . . 2 . . . . 1 . . . . . Analyze 8 | . . . 2 1 . . . 4 . . . . 1 . . . . . Retrieve Study 10 | . . . 1 1 . . . 7 . . . . 1 . . . . . Garrison Access Hacks 2 | . . . . 1 . . . . . . . . 1 . . . . . Seal Access 2 | . . . . 1 . . . . . . . . 1 . . . . . Unauthorized Hacks 8 | . . . 1 2 1 2 . . 1 . . 1 . . . . . . Terminals 6 | . . . . 2 1 2 . . 1 . . . . . . . . . Botnet 4 | . . . . 1 1 1 . . 1 . . . . . . . . . Skim 2 | . . . . 1 . 1 . . . . . . . . . . . . Fabricators . | . . . . . . . . . . . . . . . . . . . Repair Stations . | . . . . . . . . . . . . . . . . . . . Recycling Units . | . . . . . . . . . . . . . . . . . . . Scanalyzers 1 | . . . 1 . . . . . . . . . . . . . . . Extract 1 | . . . 1 . . . . . . . . . . . . . . . Garrison Access 1 | . . . . . . . . . . . . 1 . . . . . . Jam 1 | . . . . . . . . . . . . 1 . . . . . . Data Cores Recovered 3 | . . . . . 1 . . 1 . . . 1 . . . . . . Used 1 | . . . . . . . . . . . . 1 . . . . . . Hacking Detections 35 | . 1 . 3 6 3 4 . 1 3 3 . 3 5 . . . . 3 Full Trace Events 1 | . . . . 1 . . . . . . . . . . . . . . Feedback Events . | . . . . . . . . . . . . . . . . . . . Feedback Blocked . | . . . . . . . . . . . . . . . . . . . Robot Schematics Acquired . | . . . . . . . . . . . . . . . . . . . Robots Built . | . . . . . . . . . . . . . . . . . . . Authchips . | . . . . . . . . . . . . . . . . . . . Time . | . . . . . . . . . . . . . . . . . . . Total Robot Build Rating . | . . . . . . . . . . . . . . . . . . . Part Schematics Acquired 14 | . . . 10 1 . . . 2 . . . . 1 . . . . . Parts Built . | . . . . . . . . . . . . . . . . . . . Authchips . | . . . . . . . . . . . . . . . . . . . Time . | . . . . . . . . . . . . . . . . . . . Total Part Build Rating . | . . . . . . . . . . . . . . . . . . . Part Studies Acquired 9 | . . . 1 1 . . . 7 . . . . . . . . . . Parts Repaired 2 | . . . . 1 1 . . . . . . . . . . . . . Time 114 | . . . . 76 38 . . . . . . . . . . . . . Parts Recycled . | . . . . . . . . . . . . . . . . . . . Recycled Matter . | . . . . . . . . . . . . . . . . . . . Retrieved Matter . | . . . . . . . . . . . . . . . . . . . Retrieved Components 2 | . . . . . . . . . . . . . . . . . . 2 Parts Scanalyzed 6 | . . . 2 1 . . . 2 . . . . 1 . . . . . Part Schematics Acquired 6 | . . . 2 1 . . . 2 . . . . 1 . . . . . Parts Damaged . | . . . . . . . . . . . . . . . . . . . Bothacking | -11 -10 -10 -9 -8 -8 -8 -8 -6 -6 -6 -6 -6 -5 -5 -5 -5 -4 -4 ------------ Run | Yrd Mat Min Mat Mat Sto Rec Scr Fac Ext Cet Arc Hub Fac Upp Upp War Pro Fac Used RIF Installer . | . . . . . . . . . . . . . . . . . . . Robots Hacked . | . . . . . . . . . . . . . . . . . . . Non-combat . | . . . . . . . . . . . . . . . . . . . Combat . | . . . . . . . . . . . . . . . . . . . Robot Hacks Applied . | . . . . . . . . . . . . . . . . . . . Relay Couplers Released 3 | . . . . . . . . . . . . . . . . . . 3 Programmers 3 | . . . . . . . . . . . . . . . . . . 3 Fabnet Peak Effective % . | . . . . . . . . . . . . . . . . . . . Robots Rewired 30 | . . . . . . 8 . . 22 . . . . . . . . . Allies Hacked . | . . . . . . . . . . . . . . . . . . . Hacks Repelled . | . . . . . . . . . . . . . . . . . . . Allies | -11 -10 -10 -9 -8 -8 -8 -8 -6 -6 -6 -6 -6 -5 -5 -5 -5 -4 -4 -------- Run | Yrd Mat Min Mat Mat Sto Rec Scr Fac Ext Cet Arc Hub Fac Upp Upp War Pro Fac Total Allies 53 | . . 2 . . 10 8 . . 28 5 . . . . . . . . Largest Group 19 | . . 2 . . 10 8 8 8 19 19 14 12 . . . . . . Highest-Rated Group 1031 | . . 38 . . 173 144 144 144 686 1031 802 544 . . . . . . Highest-Rated Ally 159 | . . 31 . . 29 34 34 34 159 159 159 96 . . . . . . Initial UFD Resources 30 | . . . . . . . . 24 24 24 24 24 27 27 27 27 30 30 Total Orders 18 | . . . . . 2 . . . 16 . . . . . . . . . STAY 8 | . . . . . . . . . 8 . . . . . . . . . ROAM 1 | . . . . . 1 . . . . . . . . . . . . . FOLLOW 9 | . . . . . 1 . . . 8 . . . . . . . . . Ally Attacks 458 | . . 12 . . 76 2 . 13 175 84 23 73 . . . . . . Total Damage 9464 | . . 147 . . 970 81 . 194 2873 1945 681 2573 . . . . . . Kills 71 | . . 2 . . 12 1 . . 23 9 2 22 . . . . . . Allies Corrupted . | . . . . . . . . . . . . . . . . . . . Allies Melted . | . . . . . . . . . . . . . . . . . . . Intel | -11 -10 -10 -9 -8 -8 -8 -8 -6 -6 -6 -6 -6 -5 -5 -5 -5 -4 -4 ------- Run | Yrd Mat Min Mat Mat Sto Rec Scr Fac Ext Cet Arc Hub Fac Upp Upp War Pro Fac Active Infowar (turns) 11258 | . . 1 474 265 343 873 2509 684 479 353 . 13 1221 470 366 740 580 1887 Sensors 5032 | . . 1 . . . . . 12 . . . . 1172 434 366 740 580 1727 Structural 9912 | . . . 474 265 343 873 2509 674 479 353 . 13 1190 470 366 740 580 583 Robot Analysis Total 6 | . . . 1 . . . 5 . . . . . . . . . . . Derelict Logs Recovered 3 | . . 1 . . . . . . . . . . . . 1 . 1 . Drone Launches . | . . . . . . . . . . . . . . . . . . . Drone Recoveries . | . . . . . . . . . . . . . . . . . . . Exploration | -11 -10 -10 -9 -8 -8 -8 -8 -6 -6 -6 -6 -6 -5 -5 -5 -5 -4 -4 ------------- Run | Yrd Mat Min Mat Mat Sto Rec Scr Fac Ext Cet Arc Hub Fac Upp Upp War Pro Fac Turns Passed 19325 | 155 1180 829 1285 1299 619 937 2509 987 1675 675 512 263 1523 470 366 740 580 2721 Spaces Moved 12028 | 73 610 334 576 738 301 590 1832 698 1164 459 300 208 1043 346 347 683 314 1412 Core 21 | 1 20 . . . . . . . . . . . . . . . . . Treads 914 | 72 590 252 . . . . . . . . . . . . . . . . Legs 10200 | . . 82 576 738 300 590 1832 698 1164 459 300 208 1043 346 347 683 314 520 Wheels 697 | . . . . . . . . . . . . . . . . . . 697 Hover 196 | . . . . . 1 . . . . . . . . . . . . 195 Flight . | . . . . . . . . . . . . . . . . . . . Fastest Speed 44 | 50 150 160 110 105 125 125 125 109 102 102 102 102 105 105 105 105 175 44 Average Speed 129 | 158 162 218 180 116 131 125 125 115 102 102 102 103 109 105 105 105 175 158 Slowest Speed 320 | 160 300 240 190 180 320 125 125 125 112 102 102 108 260 105 105 175 175 245 Overloaded Moves . | . . . . . . . . . . . . . . . . . . . Propulsion Burnouts . | . . . . . . . . . . . . . . . . . . . Robots Hopped . | . . . . . . . . . . . . . . . . . . . Potential Cave-ins 10 | . . . . . . . . . . . . . . . . . . 10 Cave-ins Triggered . | . . . . . . . . . . . . . . . . . . . Exploration Rate (%) 59 | 4 92 71 61 59 42 93 93 13 89 95 95 29 26 43 56 92 53 16 Regions Visited 18 Branch Regions 12 Pre-discovered Areas . | . . . . . . . . . . . . . . . . . . . Known Exits Taken 10 | . . 1 1 1 . . 1 1 . . . 1 1 1 1 . 1 . Unknown Exits Taken 8 | 1 1 . . . 1 1 . . 1 1 1 . . . . 1 . . Scrap Searched 12 | . . 3 . . . . 5 . . . . . . 2 1 . 1 . Spaces Dug 61 | . 1 . . 1 . . . 4 2 . . . 11 1 . 1 9 31 Terrain Destroyed 227 | . 3 . . 28 . . . 6 37 12 1 4 77 1 2 1 12 43 Melee 44 | . 1 . . 1 . . . 4 2 . . . 11 1 . 1 3 20 Projectile 93 | . . . . 4 . . . 2 15 12 1 4 24 . 2 . 9 20 AOE 86 | . 2 . . 23 . . . . 20 . . . 41 . . . . . Terrain Rammed . | . . . . . . . . . . . . . . . . . . . Walls Destroyed . | . . . . . . . . . . . . . . . . . . . Machines Disabled . | . . . . . . . . . . . . . . . . . . . Actions | -11 -10 -10 -9 -8 -8 -8 -8 -6 -6 -6 -6 -6 -5 -5 -5 -5 -4 -4 --------- Run | Yrd Mat Min Mat Mat Sto Rec Scr Fac Ext Cet Arc Hub Fac Upp Upp War Pro Fac Total 14879 | 92 747 401 734 1026 503 765 2055 823 1568 646 490 237 1257 450 348 706 325 1706 Wait 1532 | . 78 24 54 95 141 113 214 33 173 149 164 3 78 100 . . 1 112 Move 12010 | 72 609 333 575 737 300 589 1831 697 1163 458 299 207 1042 345 346 682 313 1412 Hop . | . . . . . . . . . . . . . . . . . . . Pick Up 141 | 4 13 12 16 17 9 5 4 17 5 6 4 2 8 . . 6 . 13 Fast Attach 81 | 6 5 . 3 5 9 . . 2 4 6 2 4 11 . . 3 . 21 Attach 62 | . . 2 2 12 3 . . 8 . 2 1 . 9 1 2 3 . 17 Detach 15 | . . . . 3 2 . . 2 . . . . . 1 . 4 . 3 Swap 167 | . 4 7 9 21 5 4 1 18 26 3 3 3 32 2 . 1 . 28 Drop 157 | 1 10 7 23 19 16 5 5 16 15 11 7 5 5 . . 6 . 6 Fire 417 | 9 25 16 51 105 6 15 . 25 29 11 4 8 51 . . . 7 55 Melee 99 | . 1 . . 9 8 . . 5 6 . 6 . 20 1 . 1 4 38 Ram . | . . . . . . . . . . . . . . . . . . . Kick 16 | . . . 1 3 2 2 . . 1 . . 5 1 . . . . 1 Crush 2 | . 2 . . . . . . . . . . . . . . . . . Escape Stasis 4 | . . . . . . . . . 4 . . . . . . . . . Rewire 176 | . . . . . 2 32 . . 142 . . . . . . . . . Trap . | . . . . . . . . . . . . . . . . . . . Miscellaneous . | . . . . . . . . . . . . . . . . . . . Route ------- -11/Scrapyard -10/Materials (discovered 4 exits: *Mat x2 / *Min x2) -10/Mines (discovered 2 exits: *Mat x2) -9/Materials (discovered 5 exits: *Mat x3 / *Min x2) -8/Materials (discovered 4 exits: Fac x3 / *Sto) -8/Storage -8/Recycling (discovered 2 exits: *Fac / *Scr) -8/Scraptown (discovered 2 exits: *Fac x2) -6/Factory (discovered 2 exits: [*Low] / *Ext) -6/Extension (discovered 3 exits: *Fac x2 / *Cet) -6/Cetus (discovered 3 exits: *Fac x2 / *Arc) -6/Archives (discovered 3 exits: *Fac / *Hub x2) -6/Hub_04(d) (discovered 4 exits: *Fac x4) -5/Factory (discovered 3 exits: *Fac / *Upp x2) -5/Upper Caves -5/Upper Caves -5/Warlord -4/Proximity Caves -4/Factory History --------- Turn | Location | Event 11 | -11/Scrapyard | Discovered new exit (range 16) 156 | -11/Scrapyard | Entered Materials 179 | -10/Materials | Discovered new exit (range 15) 324 | -10/Materials | Build established: Mutant 478 | -10/Materials | Discovered new exit (range 5) 601 | -10/Materials | Discovered new exit (range 9) 1105 | -10/Materials | Discovered new exit (range 8) 1336 | -10/Materials | Entered Mines 1358 | -10/Mines | Met a Derelict bent on vengeance 1633 | -10/Mines | Identified exit to Materials 1791 | -10/Mines | Found a hidden stash of uninstalled traps 1863 | -10/Mines | Found DCF Scrap (13 items) 1933 | -10/Mines | Found a damaged Exp. Sensor Array with a note attached 1940 | -10/Mines | Found Prototype Device 1941 | -10/Mines | Identified Exp. Sensor Array 2075 | -10/Mines | Discovered exit to Materials (range 12) 2143 | -10/Mines | Found a Scrap Suit stashed away for nefarious purposes 2165 | -10/Mines | Entered Materials 2165 | -9/Materials | Evolved 2 slots: Propulsion x1, Utility x1 2549 | -9/Materials | Build established: Scavenger-Mutant 2648 | -9/Materials | Discovered new exit (range 14) 2907 | -9/Materials | Identified exit to Mines 3050 | -9/Materials | Discovered new exit (range 11) 3337 | -9/Materials | Discovered new exit (range 9) 3436 | -9/Materials | Identified exit to Materials 3450 | -9/Materials | Entered another Materials area 3450 | -8/Materials | Evolved 2 slots: Propulsion x1, Utility x1 3574 | -8/Materials | Destroyed 10 combat bots 3667 | -8/Materials | Identified exit to Storage 3883 | -8/Materials | Identified exit to Factory 3993 | -8/Materials | Lost 4 parts (2n1u1w) 4515 | -8/Materials | Repaired Carbon-fiber Leg 4590 | -8/Materials | Build established: Mutant 4749 | -8/Materials | Entered Storage 4834 | -8/Storage | Assisted by bots powering up and referring to "LRC-V3" 4926 | -8/Storage | Repaired Deuterium Engine 5040 | -8/Storage | Used back door to open Recycling access 5040 | -8/Storage | Discovered new exit (range 5) 5141 | -8/Storage | Build established: Commander-Mutant 5335 | -8/Storage | Garrison activated, responded to threat 5368 | -8/Storage | Entered Recycling 5560 | -8/Recycling | Build established: Mutant 5667 | -8/Recycling | Identified exit to Factory 6115 | -8/Recycling | Build established: Commander-Mutant 6170 | -8/Recycling | Scanned before Scraplab entrance 6185 | -8/Recycling | Discovered new exit (range 11) 6188 | -8/Recycling | Entered Scraplab 6305 | -8/Recycling | Entered Scraptown 6305 | -8/Scraptown | Accompanied by 8 allies 6372 | -8/Scraptown | Heard Great Nut preacher, LISTEN AND RECITE! 6822 | -8/Scraptown | Discovered exit to Factory (range 3) 6927 | -8/Scraptown | Visited Spacefarers 6982 | -8/Scraptown | Visited Red Mages 7068 | -8/Scraptown | Visited CR-KLE's Repair Center 7077 | -8/Scraptown | CR-KLE repaired 7 parts 7268 | -8/Scraptown | Visited Science Testing Area 7320 | -8/Scraptown | Visited UFD Registry 7320 | -8/Scraptown | Registered with UFD as "Datahacker" 7347 | -8/Scraptown | Visited Cyclists 7380 | -8/Scraptown | Visited Awakened 7437 | -8/Scraptown | Visited Junk Repository 7668 | -8/Scraptown | Visited Analyses Database 7718 | -8/Scraptown | Visited Abandonware Association 7736 | -8/Scraptown | Learned abandonware demo "HACKBUD.EXE" 7736 | -8/Scraptown | Learned abandonware demo "MELTYB.EXE" 7772 | -8/Scraptown | Visited Scrapoid Pod Storage 7816 | -8/Scraptown | Visited A0-MCA Data Center 7823 | -8/Scraptown | Given an A rating by A0-MCA 7834 | -8/Scraptown | Found A0-MCA's Component Scanner 7860 | -8/Scraptown | Visited Junk Repository 7915 | -8/Scraptown | Discovered exit to Factory (range 5) 8039 | -8/Scraptown | Visited Research Penetration Think Tank 8084 | -8/Scraptown | Visited Infowarlord's Domain 8092 | -8/Scraptown | Found Exp. Sensor Array 8414 | -8/Scraptown | Met Optimus 8414 | -8/Scraptown | Accepted into 0bPrime 8814 | -8/Scraptown | Civil war broke out across Scraptown 8814 | -8/Scraptown | Entered Factory 8814 | -6/Factory | Accompanied by 8 allies 8814 | -6/Factory | Evolved 4 slots: Power x1, Propulsion x1, Utility x1, Weapon x1 9025 | -6/Factory | Lost 6 allies 9053 | -6/Factory | Discovered new exit (range 15) 9070 | -6/Factory | Identified exit to Extension 9313 | -6/Factory | Central database locked down 9514 | -6/Factory | Discovered new exit (range 11) 9801 | -6/Factory | Entered Extension 9897 | -6/Extension | Rescued a captive Derelict 9898 | -6/Extension | Rescued a captive Derelict 9977 | -6/Extension | Rescued a captive Derelict 9979 | -6/Extension | Rescued a captive Derelict 10350 | -6/Extension | Build established: Commander-Tank 10354 | -6/Extension | Spotted B-75 Beast 10901 | -6/Extension | Build established: Commander-Mutant 10998 | -6/Extension | Spotted B-75 Beast 11002 | -6/Extension | Allies destroyed B-75 Beast 11032 | -6/Extension | Discovered new exit (range 3) 11196 | -6/Extension | Rescued A7 11261 | -6/Extension | Build established: Commander-Tank 11357 | -6/Extension | Rescued a captive Derelict 11418 | -6/Extension | Discovered new exit (range 10) 11419 | -6/Extension | Discovered new exit (range 6) 11476 | -6/Extension | Entered Cetus 11476 | -6/Cetus | Accompanied by 18 allies (A7) 11481 | -6/Cetus | Acquired a Cetus Manufacturing Module code from A7 11490 | -6/Cetus | Spotted Cetus Guard 11490 | -6/Cetus | Spotted Cetus Guard 11495 | -6/Cetus | Spotted Cetus Guard 11498 | -6/Cetus | Allies destroyed Cetus Guard 11498 | -6/Cetus | Spotted Cetus Guard 11508 | -6/Cetus | Allies destroyed Cetus Guard 11516 | -6/Cetus | Allies destroyed Cetus Guard 11531 | -6/Cetus | Allies destroyed Cetus Guard 11555 | -6/Cetus | Discovered new exit (range 15) 11556 | -6/Cetus | Lost 4 allies 11781 | -6/Cetus | Started Cetus Manufacturing Module 11806 | -6/Cetus | Manufactured an Enhanced Grunt 11831 | -6/Cetus | Manufactured an Enhanced Grunt 11856 | -6/Cetus | Manufactured an Enhanced Grunt 11881 | -6/Cetus | Manufactured an Enhanced Grunt 11902 | -6/Cetus | Escorted A7 to Cetus Mainframe 11906 | -6/Cetus | Manufactured an Enhanced Grunt 11939 | -6/Cetus | Discovered new exit (range 16) 11964 | -6/Cetus | Spotted Cetus Guard 11964 | -6/Cetus | Spotted Cetus Guard 11972 | -6/Cetus | Spotted Cetus Guard 11973 | -6/Cetus | Spotted Cetus Guard 11983 | -6/Cetus | Allies destroyed Cetus Guard 11988 | -6/Cetus | Allies destroyed Cetus Guard 11992 | -6/Cetus | Destroyed Cetus Guard 11993 | -6/Cetus | Allies destroyed Cetus Guard 11998 | -6/Cetus | Discovered new exit (range 15) 12004 | -6/Cetus | Met Revision 17 12022 | -6/Cetus | Lost 5 allies 12065 | -6/Cetus | Found Prototype Device 12065 | -6/Cetus | Identified Exp. Thermal Shield 12151 | -6/Cetus | Entered Archives 12151 | -6/Archives | Accompanied by 14 allies (A7) 12156 | -6/Archives | Received a hacking code to weaken MAIN.C 12192 | -6/Archives | Unable to access archive contents 12202 | -6/Archives | Unable to access archive contents 12206 | -6/Archives | Discovered new exit (range 16) 12212 | -6/Archives | Unable to access archive contents 12214 | -6/Archives | Discovered new exit (range 16) 12223 | -6/Archives | Unable to access archive contents 12227 | -6/Archives | Discovered new exit (range 14) 12634 | -6/Archives | Build established: Commander-Mutant 12663 | -6/Archives | Entered Hub_04(d) 12663 | -6/Hub_04(d) | Accompanied by 12 allies 12712 | -6/Hub_04(d) | Discovered new exit (range 16) 12834 | -6/Hub_04(d) | Identified exit to Factory 12902 | -6/Hub_04(d) | Lost 9 allies 12926 | -6/Hub_04(d) | Entered Factory 12926 | -5/Factory | Evolved 2 slots: Utility x2 13315 | -5/Factory | Discovered new exit (range 8) 13321 | -5/Factory | Identified exit to Factory 13495 | -5/Factory | Build established: Hacker-Assassin 13832 | -5/Factory | Lost 3 parts (1p1n1w) 13904 | -5/Factory | Lost 6 parts (4n1u1w) 13958 | -5/Factory | Destroyed 9 combat bots 14317 | -5/Factory | Identified exit to Upper Caves 14449 | -5/Factory | Entered Upper Caves 14870 | -5/Upper Caves | Build established: Scavenger-Assassin 14878 | -5/Upper Caves | Attracted the attention of an 0b10 checkpoint 14903 | -5/Upper Caves | Discovered new exit (range 15) 14918 | -5/Upper Caves | Identified exit to Upper Caves 14919 | -5/Upper Caves | Entered another Upper Caves area 15208 | -5/Upper Caves | Identified exit to Warlord 15282 | -5/Upper Caves | Encountered a Warlord checkpoint 15285 | -5/Upper Caves | Entered Warlord 15341 | -5/Warlord | Discovered new exit (range 12) 15374 | -5/Warlord | System corruption cleaned by Quarantine Array 15504 | -5/Warlord | Visited the Vortex Lab 15516 | -5/Warlord | Found Prototype Energy Gun 15516 | -5/Warlord | Identified Vortex Shotgun 15520 | -5/Warlord | Warlord's base attacked by MAIN.C 15520 | -5/Warlord | Found Prototype Energy Cannon 15520 | -5/Warlord | Identified Vortex Cannon 15529 | -5/Warlord | Found Vortex Cannon 15691 | -5/Warlord | Rebuked by Warlord 15870 | -5/Warlord | Warlord forces counterattacked 15993 | -5/Warlord | Opened side exit 16020 | -5/Warlord | Spotted Executioner 16020 | -5/Warlord | Spotted Executioner 16025 | -5/Warlord | Entered Proximity Caves 16097 | -4/Proximity Caves | Spotter reported a threat 16150 | -4/Proximity Caves | Spotter reported a threat 16300 | -4/Proximity Caves | Spotter reported a threat 16311 | -4/Proximity Caves | Spotter reported a threat 16364 | -4/Proximity Caves | Spotter reported a threat 16535 | -4/Proximity Caves | Spotter reported a threat 16537 | -4/Proximity Caves | Spotter reported a threat 16582 | -4/Proximity Caves | Discovered exit to Factory (range 13) 16605 | -4/Proximity Caves | Entered Factory 16605 | -4/Factory | Evolved 2 slots: Utility x1, Weapon x1 16959 | -4/Factory | Spotted B-86 Titan 17041 | -4/Factory | Noticed UFD Elites at a Recycling Unit 17105 | -4/Factory | Search patrols dispatched 17459 | -4/Factory | Lost 4 parts (1p2n1w) 17605 | -4/Factory | Search patrols dispatched 17711 | -4/Factory | Build established: Gunner 17847 | -4/Factory | Lost 3 parts (1p1n1w) 17855 | -4/Factory | Search patrols dispatched 18187 | -4/Factory | Build established: Scavenger-Skirmisher 18514 | -4/Factory | Watched by a mysterious "MATRIX" hacker. 19254 | -4/Factory | System corruption reached 10% 19318 | -4/Factory | Lost 3 parts (1p1u1w) 19326 | -4/Factory | Self-destructed Last Messages --------------- 19262_ HV Slug penetrates Wall. 19265_ P-70 Sage knocked back. 19265_ HV Slug penetrates P-70 Sage. 19265_ P-70 Sage destroyed. 19265_ HV Slug penetrates Wall. 19275_ P-70 Sage destroyed. 19275_ HV Slug penetrates Wall. 19280_ Acquired 1 matter. 19281_ U-05 Engineer builds a Wall. 19284_ B-86 Titan activates siege mode. 19285_ G VR=HN6NNDQ7BY7L% U1IG1LKLLDTRNBJS8QFLY 19287_ Mic. Fission Core destroyed. 19287_ K-01 Serf destroyed. 19297_ Acquired 3 matter. 19302_ System corrupted: Matter fused (-6). 19311_ Acquired Hacking Suite. 19320_ System corrupted: Heat flow error (+214). 19324_ Antigrav System destroyed. 19324_ Penetrated by Slug. 19325_ Imp. Antigrav System destroyed. Map ----- +----------------------------------------------------+ | ?????????????????????????????????????????????????? | | ?????????????????????????????????????????????????? | | ?????????????????????????????????????????????????? | | ?????????????????????????????????????????????????? | | ?????????????????????????????????????????????????? | | ?????????????????????????????????????????????????? | | ?????????????????????????????????????????????????? | | ?????????????????????????????????????????????????? | | ?????????????????????????????????????????????????? | | ?????????????????????????????????????????????????? | | ????????????????????????????????????????????????? | | ??????"""???????????????????????????????????????? | | ??????"""???????????????????????????????????????? | | ??????"""???????????????????????????????????????# | | ?????? ???????????????????????????????????????# | | ?????? ???????????????????????????????????????# | | #######+###########?????????????????????????????# | | ??????????????????????????????# | | ?? ????????????????????????????# | | ? ?? "?????????????????????????????# | | ??? "??????????????????????????????## | | % k "???????????????????????????????# | | #######+#######A%gh ?????????????????????????????# | | ## # % w %#????????????????????????# | | ## ! %/%! A h ###??????????????????????# | | ## #/##????# g@##########?????????????# | | ## """" "" " # ? ????#g## #?????????????# | | ## """" """" # ????? ## #???#?"""""??## | | ## """" """ # "????## ## #???# ## | | ## """" """ # ?????## ## """" #???# """""" ## | | ## """" """ # ?????## ## u"""" #???# """""" ## | | ## """" """ # ?????## ## """" #???# """""" ## | | ## # ?????## ## """" #???# """""" ## | | ## # ????### ## ###?# ## | | ## # ????### ######+#############+##### | | ###########+### ????## | | ########### ### ## | | ???????####+########## = | | ???????## # = | | ???????## # =! | | ???????## # || | | ???????## """ # || | | ???????## """"" # || | | ???????## """"" # | | ???????## + | | ???????## # | | ######### # | | ** " # #####+#############+### | | ** ! # ""Y"" # " % # ! # | | * # """"" # # ### # | +----------------------------------------------------+ Best States ------------- Heat Dissipation 69 Energy Generation 37 Energy Capacity 1040 Matter Stores 300 Matter Capacity 300 Sight Range 16 Robot Scan Range 20 Terrain Scan Density 10 Armor Coverage 675 Phase Shifting 5 Evasion (%) 56 Core Analysis 6 Recoil Reduction 2 Kinecelleration 40 Offensive Hacking 24 Defensive Hacking 12 Authchip Count 1 Item Schematics ----------------- Imp. Light Armor Plating | -9/Materials | Scanalyzed Huge Storage Unit | -9/Materials | Scanalyzed Imp. Targeting Computer | -9/Materials | Extracted Arm. Wheel | -9/Materials | Extracted Particle Gun | -9/Materials | Extracted Wheel | -9/Materials | Extracted ECM Suite | -9/Materials | Extracted Mining Claw | -9/Materials | Extracted Flail | -9/Materials | Extracted Cooling System | -9/Materials | Extracted Hacking Suite | -8/Materials | Scanalyzed Hrd. Medium Armor Plating | -6/Factory | Scanalyzed Hpw. Tractor Beam | -6/Factory | Scanalyzed Centrium Medium Armor Plating | -5/Factory | Scanalyzed Robot Schematics ------------------ None Fabricated ------------ Nothing Repaired ---------- Carbon-fiber Leg | 60% | -8/Materials Deuterium Engine | 65% | -8/Storage Studied --------- Aluminum Leg | -9/Materials | Hacked Imp. Aluminum Leg | -8/Materials | Hacked Flexi-carbon Leg | -6/Factory | Hacked Titanium Leg | -6/Factory | Hacked Imp. Carbon-fiber Leg | -6/Factory | Hacked Carbon-fiber Leg | -6/Factory | Hacked Lrn. Missile Launcher | -6/Factory | Hacked Adv. Assault Cannon | -6/Factory | Hacked Deuterium Engine | -6/Factory | Hacked Alien Tech Used ----------------- None Achievements -------------- Civilization 2243 Construction Begets Destruction Fancy Inventory Fishing Tech Link The Feds Look Less Dangerous Next Time Main Advantage Project G-00 Revising The Future Uncivil War You May Approach The Wall \\IAMDERELICT Challenges ------------ None Game ------ Seed ImpactGravitonSuperbattery Manual? 0 Play Time 04:08:20 Cumulative 73.4 hours Start 2026.03.23 @ 21:57:58 End 2026.03.25 @ 13:25:04 Sessions 7 Manual Loads 0 Difficulty Rogue Special Mode None Game No. 43 Rogue 43 Adventurer 0 Explorer 0 Win Type - Total 2 Types 1/0/1/0/0/0/0/0/0/0 Lore% 42 Gallery% 41 Achievement% 31 Wizard Run 0 Options --------- Layout 0 ASCII 0 Keyboard 0 Movement Mouse Keybinds 0 Fullscreen 2 Font 24/Tamsyn Map View 76x50 Zoom Use 0% Tactical HUD 1 Map Filters NONE Filters NONE Steam 1 RUN: 0f062912-e52c-41de-b2e1-2fa990b74904